 Dungeon Crawl Stone Soup version 0.21.0-25-ge575cb9 (webtiles) character file.

162 JeffiDaFish the Vexing (level 5, -1/23 HPs)
             Began as a Vine Stalker Arcane Marksman on Jan 23, 2018.
             Was an Initiate of Hepliaklqana.
             Slain by Grinder (3 damage)
             ... on level 3 of the Dungeon.
             The game lasted 00:11:34 (1505 turns).

JeffiDaFish the Vexing (VSAM)                       Turns: 1505, Time: 00:11:35

Health: -1/23      AC:  2    Str: 13    XL:     5   Next: 43%
Magic:  0/8        EV: 13    Int: 13    God:    Hepliaklqana [......]
Gold:   98         SH:  0    Dex: 15    Spells: 3/7 levels left

rFire    . . .     SeeInvis .   a - +0 hand crossbow
rCold    . . .     Gourm    .   (no shield)
rNeg     . . .     Faith    .   e - +0 robe
rPois    .         Spirit   +   (no helmet)
rElec    .         Reflect  .   (no cloak)
rCorr    .         Harm     .   (no gloves)
MR       .....                  (no boots)
Stlth    ++........             (no amulet)
HPRegen  0.47/turn              (no ring)
MPRegen  0.11/turn              (no ring)

@: no status effects
A: reduced essence, fangs 2, regeneration 1, magic shield, antimagic bite, no
potion heal 3, rot immunity
a: Recall Ancestor, Ancestor Identity, Renounce Religion


You were on level 3 of the Dungeon.
You worshipped Hepliaklqana.
Hepliaklqana was noncommittal.
You were not hungry.

You visited 1 branch of the dungeon, and saw 3 of its levels.

You collected 98 gold pieces.

Inventory:

Hand Weapons
 a - a +0 hand crossbow (weapon)
 b - a +0 dagger of venom
Missiles
 d - 8 bolts (quivered)
Armour
 e - a +0 robe (worn)
 i - a +0 chain mail
Scrolls
 h - 2 scrolls of identify
 j - a scroll of fear
Books
 c - a book of Debilitation

   Spells                             Type                      Level
   a - Corona                         Hexes                        1
   b - Slow                           Hexes                        2
   c - Inner Flame                    Hexes/Fire                   3
   d - Portal Projectile              Hexes/Translocation          3
   e - Cause Fear                     Hexes                        4
   f - Leda's Liquefaction            Hexes/Earth                  4
Comestibles
 f - 3 rations
 g - 7 chunks of flesh


   Skills:
 + Level 1.8 Fighting
 - Level 0.2 Short Blades
 + Level 3.1 Crossbows
 + Level 2.3 Dodging
 - Level 0.7 Stealth
 + Level 1.7 Spellcasting
 + Level 3.7 Hexes


You had 3 spell levels left.
You knew the following spells:

 Your Spells              Type           Power        Failure   Level  Hunger
a - Corona                Hex            ##.....      5%          1    ##.....
b - Inner Flame           Hex/Fire       #.......     34%         3    ####...


Dungeon Overview and Level Annotations

Branches:
Dungeon (3/15)

Altars:
Cheibriados
Dithmenos
Hepliaklqana
Kikubaaqudgha
Okawaru
Ru
Xom
Zin

Annotations:
D:3 Grinder


Innate Abilities, Weirdness & Mutations

You have extremely sharp teeth.
Your natural rate of healing is unusually fast.
When hurt, damage is shared between your health and your magic reserves.
Your bite disrupts and absorbs the magic of your enemies.
Potions cannot restore your health.
You are immune to rotting.
Your life essence is reduced to manifest your ancestor. (-10% HP)


Message History

Sasala hits Grinder.
Grinder barely misses you.
Sasala closely misses Grinder.
Firing (i - inventory):
d - 10 bolts (quivered)
Press: ? - help, Shift-Dir - straight line, f/p - Grinder
Aim: Grinder (severely wounded)
You shoot a bolt.
The bolt hits Grinder but does no damage.
Grinder is severely wounded.
Grinder says, "Mostly I couldn't keep them alive."
Grinder gestures at you. Pain shoots through your body!
* * * LOW HITPOINT WARNING * * *
Sasala misses Grinder.
Some of the chunks of flesh in your inventory have rotted away.
Firing (i - inventory):
d - 9 bolts (quivered)
Press: ? - help, Shift-Dir - straight line, f/p - Grinder
Aim: Grinder (severely wounded)
You shoot a bolt. The bolt barely misses Grinder.
Grinder hits you.
* * * LOW HITPOINT WARNING * * *
You writhe in agony.
You die...

#R #. ##≈♣♣ ## .≈≈♣≈
#### .♣≈≈P≈♣♣...
♣≈≈≈≈≈≈≈... #########
≈≈P≈≈≈≈≈≈).
##......†###♣♣≈≈≈≈≈PP≈♣.
.$.....@.R.♣≈≈≈≈≈≈≈≈≈P≈.
##......5##≈≈≈≈≈≈≈≈PP≈♣♣
#.......##≈≈≈≈≈≈≈≈≈≈♣♣≈
#.....).##≈P≈≈≈≈≈≈≈P≈♣♣
#.....(.#♣≈P≈≈≈≈≈≈≈≈≈≈≈
#.......#♣÷≈≈≈≈≈≈≈≈≈≈P≈
#.......#≈♣P≈≈≈≈≈≈≈≈≈♣≈
#....(.$#≈♣≈≈≈≈≈≈≈≈≈≈≈♣
#♣P♣≈≈≈≈≈≈≈≈≈≈♣


You could see the friendly Sasala the ancestor and Grinder.

Vanquished Creatures
  An orc wizard (D:3)
  2 adders (D:2)
  2 oozes
  A dart slug (D:3)
  2 worms
  2 leopard geckos
  2 orcs (D:3)
  A ball python (D:1)
  5 bats
  2 giant cockroaches (D:2)
  10 goblins
  12 hobgoblins
  9 kobolds
  2 frilled lizards (D:1)
  9 rats
  A plant (D:3)
63 creatures vanquished.

Vanquished Creatures (collateral kills)
  An orc wizard (D:3)
  2 orcs (D:3)
  A giant cockroach (D:3)
  A goblin (D:2)
  A quokka (D:2)
  2 rats (D:3)
8 creatures vanquished.

Vanquished Creatures (others)
  A fungus (D:3)
1 creature vanquished.

Grand Total: 72 creatures vanquished

Notes
Turn   | Place    | Note
-------+----------+-------------------------------------------
     0 | D:1      | JeffiDaFish the Vine Stalker Arcane Marksman began the quest for the Orb.
     0 | D:1      | Reached XP level 1. HP: 9/9 MP: 3/3
    56 | D:1      | Reached XP level 2. HP: 13/14 MP: 2/4
   250 | D:1      | Reached XP level 3. HP: 8/17 MP: 3/5
   318 | D:1      | Learned a level 3 spell: Inner Flame
   461 | D:1      | Reached skill level 1 in Fighting
   954 | D:2      | Gained mutation: Your natural rate of healing is unusually fast. [Vine Stalker growth]
   954 | D:2      | Reached XP level 4. HP: 22/22 MP: 6/6
  1086 | D:2      | Found a hazy altar of Hepliaklqana.
  1086 | D:2      | Found a shimmering altar of Xom.
  1087 | D:2      | Found a snail-covered altar of Cheibriados.
  1087 | D:2      | Found a glowing silver altar of Zin.
  1087 | D:2      | Found a shadowy altar of Dithmenos.
  1087 | D:2      | Found an iron altar of Okawaru.
  1088 | D:2      | Found a sacrificial altar of Ru.
  1088 | D:2      | Found an ancient bone altar of Kikubaaqudgha.
  1117 | D:2      | Became a worshipper of Hepliaklqana the Forgotten
  1330 | D:3      | Reached XP level 5. HP: 13/22 MP: 1/8
  1482 | D:3      | Noticed Grinder
  1486 | D:3      | Paralysed by Grinder for 3 turns
  1494 | D:3      | Paralysed by Grinder for 5 turns
  1505 | D:3      | Slain by Grinder

Skill      XL: |  1  2  3  4 |
---------------+-------------+-----
Crossbows      | 2 3 |  3.1
Fighting       | 1 |  1.8
Dodging        | 2 |  2.3
Short Blades   | |  0.2
Stealth        | |  0.7
Spellcasting   | |  1.7
Hexes          | |  3.7

Action                   |  1- 3 |  4- 6 || total
-------------------------+-------+-------++-------
Melee: Dagger            |    12 |    83 ||    95
       Bite              |     4 |    19 ||    23
 Fire: Hand crossbow     |    99 |    18 ||   117
 Cast: Inner Flame       |     1 |       ||     1
Invok: Ancestor Identity |       |     1 ||     1
  Use: Scroll            |     5 |       ||     5
       Potion            |     1 |     3 ||     4
 Stab: Sleeping          |       |     1 ||     1
  Eat: Chunk             |     1 |     2 ||     3
Armor: Robe              |     5 |     4 ||     9
       Chain mail        |    14 |       ||    14
Dodge: Dodged            |    35 |    48 ||    83
